 Dungeon Crawl Stone Soup version 0.23.0 (webtiles) character file.

Game seed: 16572446165777426074

9987 wolfsongas the Fighter (level 11, -9/76 HPs)
             Began as a Gargoyle Fighter on Feb 16, 2019.
             Was an Elder of the Shining One.
             Mangled by Sonja
             ... wielding a +1 dagger of distortion
              (17 damage)
             ... on level 11 of the Dungeon on Feb 17, 2019.
             The game lasted 00:20:07 (7356 turns).

wolfsongas the Fighter (Gargoyle Fighter)           Turns: 7356, Time: 00:20:07

Health: -9/76      AC: 29    Str: 27    XL:     11   Next: 55%
Magic:  10/12      EV: 14    Int:  9    God:    the Shining One [****..]
Gold:   747        SH: 19    Dex: 14    Spells: 10/10 levels left

rFire    . . .     SeeInvis .   q - +8 eveningstar (protect)
rCold    + + .     Gourm    .   c - +1 shield
rNeg     + + +     Faith    .   n - +0 plate armour
rPois    ∞         Spirit   .   j - +0 helmet
rElec    +         Reflect  .   m - scarf {rC+ rF+}
rCorr    .         Harm     .   p - +0 pair of gloves
MR       .....                  t - +0 pair of boots of Nuhan {Str+4}
Stlth    ..........             (no amulet)
HPRegen  0.22/turn              o - ring of ice
MPRegen  0.13/turn              A - +2 ring of protection

@: agile, divine shield, protection aura, glowing
A: repulsion field 2, blink, blurry vision 1, deformed body, high mp 1, negative
energy resistance 1, electricity resistance, unbreathing, evolution 1,
petrification resistance, rot immunity, AC +8
a: Blink, Divine Shield, Cleansing Flame, Renounce Religion


You were on level 11 of the Dungeon.
You worshipped the Shining One.
The Shining One was greatly pleased with you.
You were not hungry.

You visited 1 branch of the dungeon, and saw 11 of its levels.

You collected 747 gold pieces.

Inventory:

Hand Weapons
 q - a +8 eveningstar of protection (weapon)
Armour
 c - a +1 shield (worn)
 j - a +0 helmet (worn)
 m - a scarf of resistance (worn)
 n - a +0 plate armour (worn)
 p - a +0 pair of gloves (worn)
 t - the +0 pair of boots of Nuhan (worn) {Str+4}
   (You found it on level 8 of the Dungeon)

   It affects your strength (+4).
Jewellery
 d - an uncursed ring of fire
 k - an uncursed ring of stealth
 o - a ring of ice (left hand)
 A - a +2 ring of protection (right hand)
Wands
 a - a wand of acid (9)
 i - a wand of iceblast (11)
Scrolls
 b - a scroll of fear
 e - 3 scrolls of amnesia
 g - 3 scrolls of teleportation
 l - 6 scrolls of remove curse
 u - a scroll of blinking
 y - a scroll of summoning
Potions
 h - 6 potions of curing
 r - a potion of resistance
 v - a potion of flight
 w - a potion of might
Comestibles
 f - 20 rations


   Skills:
 + Level 11.9 Fighting
 * Level 10.0 Maces & Flails
 - Level 7.7 Armour
 + Level 9.7 Shields


You had 10 spell levels left.
You didn't know any spells.
Your spell library contained the following spells:

 Spells                   Type           Power        Failure   Level  Hunger
 Corpse Rot               Necr           N/A          100%        2    ###....
 Agony                    Necr           #.......     100%        5    ######.
 Bolt of Draining         Conj/Necr      #.........   100%        5    ######.
 Dispel Undead            Necr           #.......     100%        5    ######.
 Excruciating Wounds      Chrm/Necr      #.........   100%        5    ######.
 Sublimation of Blood     Necr           Unusable     N/A         2    N/A

Dungeon Overview and Level Annotations

Branches:
Dungeon (11/15)            Temple (0/1) D:7            Lair (0/6) D:11
    Orc (0/2) D:11

Altars:
Ashenzari
Dithmenos
Hepliaklqana
Qazlal
Ru
Sif Muna
The Shining One

Annotations:
D:11 Sonja


Innate Abilities, Weirdness & Mutations

You are resistant to torment.
Your stone body is resilient. (AC +8)
You are immune to poison.
You resist negative energy. (rN+)
You are resistant to electric shocks. (rElec)
You can survive without breathing.
You are immune to petrification.
You are immune to rotting.
You are surrounded by a moderate repulsion field. (EV +3)
You can translocate small distances at will.
Scrolls take you a little longer to read.
Armour fits poorly on your strangely shaped body.
You have an increased reservoir of magic. (+10% MP)
You evolve.


Message History

You miss Sonja.
Sonja is lightly wounded.
Sonja hits you but does no damage. Space bends around you.
Sonja hits you but does no damage. Space warps horribly around you!
* * * LOW HITPOINT WARNING * * *
You block Sonja's attack. x2; Sonja hits you but does no damage.
You feel strangely stable. Sonja closely misses you.
You feel agile all of a sudden.
You block Sonja's attack. x2; Sonja barely misses you.
You miss Sonja.
Sonja is lightly wounded.
Sonja barely misses you. You block Sonja's attack.
Sonja hits you but does no damage. Space bends around you.
* * * LOW HITPOINT WARNING * * *
You hit Sonja.
Your weapon exudes an aura of protection.
Sonja is moderately wounded.
Sonja completely misses you. You block Sonja's attack. x2
Sonja hits you but does no damage. Space warps horribly around you!
You die...

....†.........#
#############.#
######### #.####
#.......# #....#
#.......# #....#
###.......###....#######
.............(((........
###.......###.(..#######
...............K@#
##################


You could see Sonja.

Vanquished Creatures
  A hydra (D:9)
  A centaur warrior (D:10)
  A two-headed ogre (D:8)
  Urug (D:11)
  An elephant (D:11)
  Psyche (D:8)
  2 trolls
  2 dream sheep (D:9)
  3 hippogriffs
  A wyvern (D:9)
  A wraith (D:11)
  2 yaks (D:9)
  A water moccasin (D:5)
  Duvessa (D:6)
  5 black bears
  A sky beast (D:5)
  2 orc warriors
  3 ice beasts
  3 phantoms
  5 ogres
  3 centaurs
  2 crocodiles (D:11)
  5 big kobolds
  3 bullfrogs
  Dowan (D:6)
  6 jellies
  10 killer bees
  5 wights (D:6)
  2 howler monkeys
  A bullfrog zombie (D:11)
  5 crimson imps
  6 orc priests
  Crazy Yiuf (D:2)
  11 orc wizards
  Jessica (D:3)
  An iguana (D:3)
  Terence (D:2)
  A worker ant (D:7)
  A hound zombie (D:8)
  A hound skeleton (D:10)
  A howler monkey skeleton (D:4)
  14 adders
  5 shadow imps
  2 adder zombies
  2 worms
  2 dart slugs
  6 leopard geckos
  33 orcs
  9 bats
  7 giant cockroaches
  13 goblins
  6 hobgoblins
  13 jackals
  7 quokkas
  8 frilled lizards
  A giant cockroach zombie (D:5)
  A jackal skeleton (D:4)
  13 kobolds
  2 quokka zombies
  8 rats
258 creatures vanquished.

Notes
Turn   | Place    | Note
-------+----------+-------------------------------------------
     0 | D:1      | wolfsongas the Gargoyle Fighter began the quest for the
                  | Orb.
     0 | D:1      | Reached XP level 1. HP: 14/14 MP: 1/1
     9 | D:1      | Noticed a bullfrog
    80 | D:1      | Reached XP level 2. HP: 14/20 MP: 2/2
   102 | D:1      | Reached skill level 4 in Fighting
   566 | D:1      | Reached XP level 3. HP: 24/24 MP: 3/3
   772 | D:2      | Noticed Terence
   801 | D:2      | Killed Terence
   801 | D:2      | Reached skill level 5 in Fighting
   801 | D:2      | Reached XP level 4. HP: 18/31 MP: 4/4
  1144 | D:2      | Reached skill level 6 in Fighting
  1144 | D:2      | Reached XP level 5. HP: 29/36 MP: 5/5
  1154 | D:2      | Found a shattered altar of Ashenzari.
  1355 | D:2      | Found a runed translucent door.
  1356 | D:2      | Noticed Crazy Yiuf
  1543 | D:2      | Killed Crazy Yiuf
  1554 | D:2      | Gained mutation: You are surrounded by a mild repulsion
                  | field. (EV +2) [potion of mutation]
  1554 | D:2      | Gained mutation: You evolve. [potion of mutation]
  1554 | D:2      | Gained mutation: Armour fits poorly on your strangely
                  | shaped body. [potion of mutation]
  1554 | D:2      | Gained mutation: You have an increased reservoir of magic.
                  | (+10% MP) [potion of mutation]
  1642 | D:3      | Found a glowing golden altar of the Shining One.
  1698 | D:3      | Became a worshipper of the Shining One
  1946 | D:3      | Noticed Jessica
  1973 | D:3      | Killed Jessica
  1973 | D:3      | Reached skill level 7 in Fighting
  1973 | D:3      | Reached XP level 6. HP: 44/44 MP: 6/6
  2142 | D:3      | Reached skill level 8 in Fighting
  2265 | D:4      | Gained mutation: You are surrounded by a moderate repulsion
                  | field. (EV +3) [evolution]
  2457 | D:4      | Reached XP level 7. HP: 34/49 MP: 7/7
  2959 | D:5      | Entered Level 5 of the Dungeon
  2964 | D:5      | Reached * piety under the Shining One
  2975 | D:5      | Reached XP level 8. HP: 55/55 MP: 8/8
  3464 | D:5      | Reached skill level 9 in Fighting
  3466 | D:5      | Reached skill level 5 in Shields
  3557 | D:5      | Reached skill level 5 in Armour
  3947 | D:6      | Noticed Duvessa
  3948 | D:6      | Noticed Dowan
  3963 | D:6      | Killed Duvessa
  3973 | D:6      | Killed Dowan
  3978 | D:6      | You fall through a shaft for 2 floors!
  4032 | D:8      | Got a jewelled hunting sling
  4033 | D:8      | Identified the +4 hunting sling "Onudub" {freeze, Int-3
                  | Dex+4 Stlth+} (You found it on level 8 of the Dungeon)
  4105 | D:8      | Noticed a hippogriff
  4107 | D:8      | Identified a scroll of acquirement
  4116 | D:8      | Killed a hippogriff
  4116 | D:8      | Reached XP level 9. HP: 56/61 MP: 9/9
  4147 | D:8      | Noticed Psyche
  4149 | D:8      | Killed Psyche
  4149 | D:8      | Reached skill level 5 in Maces & Flails
  4185 | D:8      | Reached ** piety under the Shining One
  4215 | D:8      | Noticed a two-headed ogre
  4228 | D:8      | Killed a two-headed ogre
  4228 | D:8      | Reached skill level 10 in Fighting
  4517 | D:7      | Reached XP level 10. HP: 50/68 MP: 11/11
  4773 | D:7      | Found a staircase to the Ecumenical Temple.
  4899 | D:7      | Gained mutation: You can translocate small distances at
                  | will. [evolution]
  5020 | D:6      | Reached *** piety under the Shining One
  5273 | D:6      | Found a hazy altar of Hepliaklqana.
  5273 | D:6      | Found a deep blue altar of Sif Muna.
  5715 | D:8      | Got a pair of transparent boots
  5716 | D:8      | Identified the +0 pair of boots of Nuhan {Str+4} (You found
                  | it on level 8 of the Dungeon)
  6029 | D:9      | Reached skill level 11 in Fighting
  6197 | D:9      | Gained mutation: Scrolls take you a little longer to read.
                  | [evolution]
  6317 | D:9      | Reached XP level 11. HP: 69/74 MP: 12/12
  6343 | D:9      | Noticed a two-headed hydra
  6350 | D:9      | Killed a two-headed hydra
  6491 | D:9      | Found a stormy altar of Qazlal.
  6491 | D:9      | Found a sacrificial altar of Ru.
  6535 | D:10     | Entered Level 10 of the Dungeon
  6781 | D:10     | Found a shadowy altar of Dithmenos.
  6786 | D:10     | Noticed a centaur warrior
  6790 | D:10     | Killed a centaur warrior
  6793 | D:10     | Reached **** piety under the Shining One
  7150 | D:11     | Found a staircase to the Lair.
  7193 | D:11     | Found a staircase to the Orcish Mines.
  7250 | D:11     | Noticed Urug
  7258 | D:11     | Killed Urug
  7270 | D:11     | Reached skill level 10 in Maces & Flails
  7338 | D:11     | Noticed Sonja
  7356 | D:11     | Mangled by Sonja

Skill      XL: |  1  2  3  4  5  6  7  8  9 10 11 |
---------------+----------------------------------+-----
Fighting       | 4 5 6 7 8 9 10 11 | 11.9
Maces & Flails | 3 4 6 8 10 | 10.0
Armour         | 4 5 7 |  7.7
Shields        | 4 5 7 8 9 |  9.7

Action                   |  1- 3 |  4- 6 |  7- 9 | 10-12 || total
-------------------------+-------+-------+-------+-------++-------
Melee: Flail             |   130 |   256 |   148 |       ||   534
       Eveningstar       |       |       |    50 |   234 ||   284
Invok: Divine Shield     |       |       |     1 |     1 ||     2
       Cleansing Flame   |       |       |       |     1 ||     1
  Use: Scroll            |       |     6 |     9 |     7 ||    22
       Potion            |       |     5 |     3 |     2 ||    10
  Eat: Ration            |       |     2 |     2 |     3 ||     7
Armor: Scale mail        |    90 |   165 |    72 |       ||   327
       Plate armour      |       |       |    92 |   158 ||   250
Dodge: Dodged            |    39 |   100 |    84 |   102 ||   325
Block: Shield            |    92 |   174 |   157 |   221 ||   644
